 Dungeon Crawl Stone Soup version bcrawl-1.37.1 (webtiles) character file.

Game seed: 13809696464048534270

122280 Morbidden the Sneak (level 3, -5/20 HPs)
             Began as a Skeleton Archaeologist on Oct 23, 2022.
             Killed from afar by a crimson imp (9 damage)
             ... with a flame tongue
             ... on level 2 of the Dungeon.
             The game lasted 00:01:23 (1035 turns).

Morbidden the Sneak (Skeleton Archaeologist)        Turns: 1035, Time: 00:01:24

Health: -5/20      AC:  7    Str: 17      XL:     3   Next: 25%
Magic:  0/4        EV: 10    Int: 12 (13) God:
Gold:   26         SH:  3    Dex:  5 (7)  Spells: 3/3 levels left

rFire    . . .     GDR:     16% a - +0 whip
rCold    + . .     SeeInvis .   j - +0 buckler
rNeg     + + +     Gourm    .   c - +0 leather armour
rPois    ∞         Faith    .   l - +1 helmet
rElec    .         Spirit   +   (no cloak)
rCorr    .         Reflect  .   (no gloves)
MR       .....                  e - +1 pair of boots
Stlth    ++........             (no amulet)
HPRegen  0.13/turn              (no ring)
MPRegen  0.09/turn              (no ring)

@: no status effects
A: no food or potions, cold resistance 1, deterioration 1, negative energy
resistance 3, torment resistance, unbreathing, magic shield, sturdy frame 1,
spell healing
a: no special abilities


You were on level 2 of the Dungeon.
You were not hungry.

You visited 1 branch of the dungeon, and saw 2 of its levels.

You collected 26 gold pieces.

Inventory:

Hand Weapons
 a - a +0 whip (weapon)
 b - a +0 blowgun
Missiles
 f - 6 curare-tipped needles
Armour
 c - a +0 leather armour (worn)
 e - a +1 pair of boots (worn)
 j - a +0 buckler (worn)
 l - a +1 helmet (worn)
Scrolls
 d - a scroll of fear
 g - a scroll of magic mapping
 i - 4 scrolls of identify
 k - a scroll of teleportation {unknown}
 m - a scroll of remove curse {unknown}
Miscellaneous
 h - a dusty tome


   Skills:
 * Level 1.3 Fighting
 * Level 1.8 Maces & Flails
 * Level 0.4 Armour
 * Level 3.5 Dodging
 + Level 4.0 Stealth
 * Level 0.5 Shields
 * Level 0.7 Spellcasting


You had 3 spell levels left.
You didn't know any spells.
Your spell library was empty.

Dungeon Overview and Level Annotations

Branches:
Dungeon (2/12)

Altars:


Innate Abilities, Weirdness & Mutations

You do not eat or drink.
You are immune to poison.
Your flesh is cold resistant. (rC+)
Your body sometimes deteriorates upon taking damage.
You are immune to negative energy. (rN+++)
You are immune to unholy pain and torment.
You can survive without breathing.
When hurt, damage is shared between your health and your magic reserves.
Your movements are slightly less encumbered by armour. (ER -2)
Casting spells heals you.


Message History

You are too injured to fight recklessly!
You are too injured to fight recklessly!
You are too injured to fight recklessly!
There are monsters nearby!
There are monsters nearby!
You are too injured to fight recklessly!
You are too injured to fight recklessly!
You are too injured to fight recklessly!
You are too injured to fight recklessly!
You see here 48 stones.
The crimson imp lashes its tail.
The crimson imp breathes fire at you. The flame tongue hits you!
* * * LOW HITPOINT WARNING * * *
Your body deteriorates!
You feel dopey. The crimson imp closely misses you.
You barely miss the crimson imp. The crimson imp breathes fire at you.
The flame tongue hits you!
You die...

###+#.#.#.#
##.#.......#
#.#.#.#
#.......####
#.#.#.# #.......#
#.#.#.# #.......#
#.#.#.# #.......#
#...#.# #...(...#
#####.# ##'#w####
#.#5#
##############.#@#
.....%.........#.#
################.#
#.# # #.# #.# #.#
#.# #.#


You could see a worm and a crimson imp.

Vanquished Creatures
  An adder (D:2)
  2 dart slugs
  6 goblins
  A hobgoblin (D:2)
  2 jackals (D:1)
  5 kobolds
  A ball python (D:1)
  4 bats
  A frilled lizard (D:1)
  2 rats (D:2)
25 creatures vanquished.

Notes
Turn   | Place    | Note
-------+----------+-------------------------------------------
     0 | D:1      | Morbidden the Skeleton Archaeologist began the quest for
                  | the Orb.
     0 | D:1      | Reached XP level 1. HP: 12/12 MP: 1/1
   307 | D:1      | Reached XP level 2. HP: 16/16 MP: 2/2
   861 | D:2      | Reached skill level 4 in Stealth
   932 | D:2      | Reached XP level 3. HP: 10/20 MP: 1/3
  1035 | D:2      | Killed from afar by a crimson imp

Skill      XL: |  1  2 |
---------------+-------+-----
Stealth        | 4 |  4.0
Fighting       | |  1.3
Maces & Flails | |  1.8
Armour         | |  0.4
Dodging        | |  3.5
Shields        | |  0.5
Spellcasting   | |  0.7

Action                   || total
-------------------------++-------
Melee: Whip              ||   133
  Use: Scroll            ||     1
 Stab: Sleeping          ||     3
Armor: Leather armour    ||    62
       Robe              ||     3
Dodge: Dodged            ||    69
Block: Buckler           ||    21
